 Dungeon Crawl Stone Soup version 0.24.0-13-gcf9b3192b9 (webtiles) character file.

Game seed: 3380991910526096091, levelgen mode: deterministic

237 Delamore the Cleaver (level 6, -3/51 HPs)
             Began as a Hill Orc Fighter on Nov 10, 2019.
             Was an Initiate of Gozag.
             Slain by an orc warrior
             ... wielding a +0 mace
              (9 damage)
             ... on level 4 of the Dungeon.
             The game lasted 00:04:26 (2798 turns).

Delamore the Cleaver (Hill Orc Fighter)             Turns: 2798, Time: 00:04:27

Health: -3/51      AC:  8    Str: 21    XL:     6   Next: 6%
Magic:  6/6        EV:  7    Int:  8    God:    Gozag
Gold:   184        SH:  0    Dex: 10    Spells: 5/5 levels left

rFire    . . .     SeeInvis .   a - +0 war axe
rCold    . . .     Gourm    .   c - +0 shield
rNeg     . . .     Faith    .   b - +0 scale mail
rPois    .         Spirit   .   (no helmet)
rElec    .         Reflect  .   (no cloak)
rCorr    .         Harm     .   p - +0 pair of gloves
MR       .....                  (no boots)
Stlth    ..........             i - amulet of the acrobat
HPRegen  0.17/turn              (no ring)
MPRegen  0.10/turn              (no ring)

@: confused, gold aura
A: no striking features
a: Potion Petition, Call Merchant, Bribe Branch, Renounce Religion


You were on level 4 of the Dungeon.
You worshipped Gozag.
Gozag was aware of your devotion.
You were very hungry.

You visited 1 branch of the dungeon, and saw 4 of its levels.

You collected 184 gold pieces.

Inventory:

Hand Weapons
 a - a +0 war axe (weapon)
 r - a +0 mace
Armour
 b - a +0 scale mail (worn)
 c - a +0 shield (worn)
 p - a +0 pair of gloves (worn)
Jewellery
 i - an amulet of the acrobat (around neck)
Scrolls
 h - 2 scrolls of identify {unknown}
 k - 2 scrolls of remove curse {unknown}
 n - 2 scrolls of magic mapping {unknown}
 o - 2 scrolls of teleportation {unknown}
 q - a scroll of enchant weapon {unknown}
 t - a scroll of blinking {unknown}
 u - a scroll of random uselessness {unknown}
 v - a scroll of immolation {unknown}
Potions
 d - 2 potions of might
 e - 4 potions of curing {unknown}
 g - 3 potions of heal wounds {unknown}
 j - a potion of mutation {unknown}
 l - a potion of magic {unknown}
 m - a potion of ambrosia {unknown}
 s - a potion of lignification {unknown}
 w - a potion of cancellation {unknown}
Comestibles
 f - 5 rations


   Skills:
 - Level 3.6 Fighting
 + Level 8.1 Axes
 - Level 3.2 Armour
 - Level 3.2 Shields


You had 5 spell levels left.
You didn't know any spells.
Your spell library was empty.

Dungeon Overview and Level Annotations

Branches:
Dungeon (4/15)
 Temple: D:4-7

Altars:
Cheibriados
Gozag
Makhleb
Vehumet
Wu Jian
Xom
The Shining One


Message History

You miss the orc wizard. You closely miss the orc warrior.
The orc wizard closely misses you.
The orc warrior hits you but does no damage.
You slash the orc wizard!
The orc wizard is severely wounded.
You closely miss the orc warrior. The orc wizard casts a spell at you.
You are more confused.
You closely miss the orc wizard.
The orc wizard is severely wounded.
You miss the orc warrior.
The orc warrior hits you with a +0 mace!
* * * LOW HITPOINT WARNING * * *
The orc wizard hits you but does no damage. x2
You miss the orc wizard.
The orc wizard is severely wounded.
You closely miss the orc warrior.
The orc warrior hits you with a +0 mace!
You die...
Your body crumbles into a pile of gold.

.# $$ #.#
#####...#
##..@o..?#
#..##o.###
##.## .##
#.<# .#
........#
.#
..#...#..
##
#.>###..
#.. #.# #.
.#


You could see an orc warrior and an orc wizard.

Vanquished Creatures
  A hound (D:3)
  An orc wizard (D:4)
  Jessica (D:2)
  A gnoll (D:1)
  6 adders
  A worm (D:2)
  3 dart slugs
  4 leopard geckos
  2 orcs
  9 bats
  2 giant cockroaches
  10 goblins
  9 hobgoblins
  7 jackals
  8 kobolds
  A quokka (D:3)
  3 frilled lizards
  7 rats
76 creatures vanquished.

Notes
Turn   | Place    | Note
-------+----------+-------------------------------------------
     0 | D:1      | Delamore the Hill Orc Fighter began the quest for the Orb.
     0 | D:1      | Reached XP level 1. HP: 19/19 MP: 1/1
    68 | D:1      | Reached skill level 3 in Axes
    86 | D:1      | Reached XP level 2. HP: 22/26 MP: 2/2
    95 | D:1      | Reached skill level 4 in Axes
   204 | D:1      | Reached XP level 3. HP: 21/31 MP: 3/3
   710 | D:2      | Reached skill level 5 in Axes
   729 | D:2      | Noticed Jessica
   881 | D:2      | Killed Jessica
   881 | D:2      | Reached XP level 4. HP: 35/39 MP: 4/4
  1037 | D:2      | Found a snail-covered altar of Cheibriados.
  1038 | D:2      | Found a radiant altar of Vehumet.
  1145 | D:2      | Reached skill level 6 in Axes
  1664 | D:3      | Reached XP level 5. HP: 45/45 MP: 5/5
  1814 | D:3      | Reached skill level 7 in Axes
  1838 | D:3      | Found an ornate altar of the Wu Jian Council.
  1844 | D:3      | Found a glowing golden altar of the Shining One.
  1844 | D:3      | Found a shimmering altar of Xom.
  2036 | D:3      | Found a burning altar of Makhleb.
  2134 | D:3      | Found a faded altar of an unknown god.
  2155 | D:3      | Became a worshipper of Gozag Ym Sagoz the Greedy
  2789 | D:4      | Noticed an orc warrior
  2792 | D:4      | Reached skill level 8 in Axes
  2792 | D:4      | Reached XP level 6. HP: 35/51 MP: 6/6
  2798 | D:4      | Slain by an orc warrior

Levels and vault maps discovered:
D:1:      nagdon_arrival_zigzag_paths, layout_rooms
D:2:      layout_rooms, gammafunk_temple_overflow_statue, uniq_jessica
D:3:      minmay_evil_eye, layout_loops_ring, overflow_temple_1_default,
          makhleb_blood_cavern_becter, gammafunk_temple_overflow_wave,
          chequers_ecumenical_altar_twisty
D:4:      layout_rooms, nicolae_overflow_hidden_temple

Skill      XL: |  1  2  3  4  5 |
---------------+----------------+-----
Axes           | 3 4 5 6 8 |  8.1
Fighting       | |  3.6
Armour         | |  3.2
Shields        | |  3.2

Action                   |  1- 3 |  4- 6 || total
-------------------------+-------+-------++-------
Melee: War axe           |    74 |   187 ||   261
  Eat: Chunk             |       |     5 ||     5
Armor: Scale mail        |    28 |    87 ||   115
Dodge: Dodged            |    23 |    84 ||   107
Block: Shield            |    37 |   115 ||   152
